AoeStats
← jphilkill

Nomad

507800748Analyzed
4v4 RM · 13d ago on Sep 19, 2026· 51m 47s· 8 players
Game mode
Random Map
Map size
231×231
Population
200
Speed
Normal
Resources
Standard
Victory
Conquest
Starting age
Dark Age
Ending age
Imperial Age
RankedLock teamsTeams togetherTeam positionsShared explorationLock speedFull tech treeHidden civsTurbo modeCheats
Victory
Defeat
🇩🇪 Japanese · Germany
803
+16
🇬🇧 Huns · United Kingdom
799
+16
🇩🇪 Maya · Germany
794
+16
🇸🇰 Huns · Slovakia
779
+17
🇩🇪 Huns · Germany
846
-19
🇦🇷 Teutons · Argentina
827
-17
🇨🇱 Teutons · Chile
774
-15
🇦🇷 Mongols · Argentina
743
-33
TheBunjiMunji
6:30 Loom
14:41 Feudal Age
20:06 Castle Age
19:03 Double-Bit Axe
19:16 Horse Collar
29:35 Heavy Plow
31:01 Ballistics
31:22 Bow Saw
33:32 Scale Barding Armor
33:38 Forging
35:32 Wheelbarrow
36:24 Iron Casting
36:09 Chain Barding Armor
36:02 Husbandry
36:12 Bloodlines
37:30 Hand Cart
40:32 Imperial Age
37:48 Town Watch
39:42 Masonry
39:28 Murder Holes
39:43 Town Patrol
39:36 Gold Mining
39:36 Stone Mining
40:32 Marauders
41:13 Caravan
41:53 Plate Barding Armor
41:41 Conscription
40:57 Elite Tarkan
42:06 Fletching
42:16 Padded Archer Armor
43:48 Chemistry
43:43 Bodkin Arrow
52:06 Gold Shaft Mining
Stoner
13:46 Feudal Age
19:13 Castle Age
17:10 Double-Bit Axe
17:47 Stone Mining
17:48 Fishing Lines
20:27 Bow Saw
21:42 Horse Collar
22:00 Gold Mining
22:16 Gillnets
23:25 Heavy Plow
27:45 Scale Mail Armor
28:42 Gold Shaft Mining
28:47 Pikeman
29:28 Squires
29:13 Arson
31:36 Wheelbarrow
30:47 Loom
31:26 Chain Mail Armor
31:22 Forging
36:21 Imperial Age
38:01 Two-Man Saw
36:25 Halberdier
37:39 Plate Mail Armor
37:44 Iron Casting
37:40 Conscription
37:15 Elite Samurai
40:54 Kataparuto
42:57 Blast Furnace
46:34 Hand Cart
46:04 Town Watch
47:17 Hand Cart
46:47 Town Watch
xxnz6821
17:26 Feudal Age
18:43 Wheelbarrow
17:55 Double-Bit Axe
17:52 Horse Collar
19:04 Gold Mining
19:06 Stone Mining
20:20 Man-at-Arms
20:46 Arson
21:48 Scale Mail Armor
21:59 Forging
27:08 Castle Age
26:06 Fletching
26:17 Padded Archer Armor
28:09 Hand Cart
28:08 Bow Saw
28:19 Heavy Plow
29:05 Stone Shaft Mining
29:13 Eagle Warrior
29:54 Squires
30:13 Chain Mail Armor
32:47 Iron Casting
32:03 Loom
32:04 Town Watch
34:36 Leather Archer Armor
35:28 Hul'che Javelineers
37:16 Fortified Wall
36:48 Treadmill Crane
37:06 Bodkin Arrow
38:02 Ballistics
38:42 Masonry
43:48 Imperial Age
41:40 Caravan
42:40 Pikeman
45:53 Chemistry
45:15 Bracer
46:05 Conscription
46:23 Crop Rotation
48:45 Two-Man Saw
47:34 Elite Plumed Archer
48:02 Halberdier
49:43 Elite Eagle Warrior
51:25 Ring Archer Armor
Ambassador93
jphilkill
4:20 Loom
16:58 Feudal Age
18:27 Wheelbarrow
17:39 Double-Bit Axe
18:06 Gold Mining
18:38 Stone Mining
22:02 Castle Age
20:49 Horse Collar
21:27 Forging
21:18 Scale Mail Armor
21:23 Scale Barding Armor
21:19 Padded Archer Armor
21:09 Fletching
21:30 Fishing Lines
23:01 Gillnets
23:28 Bow Saw
23:32 Bloodlines
24:33 Medium Warships
26:41 Hand Cart
27:42 Gold Shaft Mining
27:42 Chain Barding Armor
29:30 Heavy Plow
30:26 Husbandry
31:53 Marauders
35:24 Imperial Age
35:44 Chain Mail Armor
34:51 Pikeman
35:32 Squires
34:54 Man-at-Arms
37:26 Conscription
36:46 Elite Tarkan
39:50 Two-Man Saw
39:11 Elite Skirmisher
41:40 Plate Barding Armor
41:42 Iron Casting
45:17 Thumb Ring
45:23 Halberdier
(Terry-Fox)
10:20 Loom
17:39 Feudal Age
18:30 Man-at-Arms
26:51 Castle Age
29:43 Scale Barding Armor
29:50 Forging
30:15 Bloodlines
30:03 Gold Mining
33:32 Fishing Lines
35:19 Double-Bit Axe
36:16 Fervor
37:00 Scale Mail Armor
37:55 Gillnets
42:21 Chain Barding Armor
42:38 Iron Casting
47:12 Imperial Age
47:15 Bow Saw
47:14 Cavalier
48:14 Chain Mail Armor
47:23 Pikeman
49:25 Blast Furnace
48:45 Gambesons
50:38 Squires
lucio 2007
17:27 Feudal Age
22:54 Double-Bit Axe
26:06 Castle Age
27:36 Bow Saw
32:19 Fletching
33:49 Wheelbarrow
33:34 Padded Archer Armor
33:30 Bodkin Arrow
35:38 Scale Barding Armor
35:49 Leather Archer Armor
36:25 Forging
36:06 Loom
37:49 Chain Barding Armor
40:38 Loom
41:04 Horse Collar
43:27 Hand Cart
45:45 Gold Mining
sebajr10
15:54 Feudal Age
17:14 Wheelbarrow
17:39 Double-Bit Axe
18:21 Fishing Lines
24:48 Castle Age
22:43 Gold Mining
25:42 Bow Saw
26:23 Hand Cart
26:48 Forging
26:31 Gillnets
27:24 Horse Collar
28:01 Bloodlines
28:56 Scale Barding Armor
29:27 Iron Casting
30:37 Stone Mining
32:59 Chain Barding Armor
35:34 Heavy Plow
39:28 Imperial Age
40:14 Cavalier
41:48 Man-at-Arms
Connection lost

Rejoining the realm…

Still unreachable

The connection could not be restored.

Session expired

The server has moved on; the page needs a fresh start.